AoeStats
← Fluvialgeomorphologist

Baltic

510464044Analyzed
4v4 RM · 4h ago on Oct 1, 2026· 28m 45s· 8 players
Game mode
Random Map
Map size
Large (8 player)
Population
200
Speed
Normal
Resources
Standard
Victory
Conquest
Starting age
Dark Age
Ending age
Imperial Age
RankedLock teamsTeams togetherTeam positionsShared explorationLock speedFull tech treeHidden civsTurbo modeCheats
Victory
Defeat
🇺🇸 Goths · United States
972
+14
🇺🇸 Teutons · United States
967
+14
🇮🇩 Malay · Indonesia
965
+14
🇺🇸 Italians · United States
964
+28
🇺🇸 Malians · United States
945
-14
🇧🇷 Inca · Brazil
943
-14
🇵🇪 Danes · Peru
940
-15
🇳🇱 Ethiopians · Netherlands
898
-13
Sm0k1nG040
12:10 Feudal Age
Fluvialgeomorphologist
12:16 Feudal Age
10:32 Loom
16:15 Castle Age
Avalanche
8:35 Loom
10:56 Feudal Age
11:54 Horse Collar
12:03 Double-Bit Axe
Yggdrasil
0:36 Loom
13:24 Feudal Age
13:59 Fishing Lines
14:19 Double-Bit Axe
15:15 Town Watch
16:54 Wheelbarrow
16:12 Gold Mining
25:19 Castle Age
25:10 Fletching
27:56 Town Patrol
29:14 Gold Shaft Mining
28:58 Hand Cart
PsychoGmoe
0:28 Loom
11:56 Feudal Age
12:22 Double-Bit Axe
15:33 Fishing Lines
18:11 Castle Age
16:21 Horse Collar
21:17 Heavy Plow
21:32 Bow Saw
24:50 Wheelbarrow
24:29 Forging
27:05 Scale Mail Armor
27:04 Gold Mining
27:58 Stone Mining
28:08 Fletching
28:57 Hand Cart
29:10 Town Watch
It's me, Philadelphia Collins
13:34 Feudal Age
17:37 Double-Bit Axe
18:19 Fletching
24:19 Castle Age
24:03 Forging
25:03 Wheelbarrow
24:15 Loom
24:28 Gold Mining
26:52 Medium Warships
27:21 Fishing Lines
29:34 Iron Casting
Dirty Dan
0:39 Loom
13:59 Feudal Age
14:42 Horse Collar
14:47 Double-Bit Axe
16:01 Wheelbarrow
19:44 Castle Age
18:58 Scale Barding Armor
19:03 Forging
19:58 Stone Mining
20:02 Gold Mining
21:10 Bow Saw
21:56 Chain Barding Armor
21:47 Forging
22:01 Medium Warships
22:06 Bloodlines
22:34 Hand Cart
muhaliefr06
12:11 Feudal Age
12:55 Wheelbarrow
17:15 Double-Bit Axe
19:52 Castle Age
17:47 Horse Collar
17:50 Fishing Lines
18:48 Gold Mining
21:56 Hand Cart
24:25 Bow Saw
24:50 Hand Cart
26:05 Forging
26:05 Scale Barding Armor
27:02 Husbandry
27:42 Iron Casting
Connection lost

Rejoining the realm…

Still unreachable

The connection could not be restored.

Session expired

The server has moved on; the page needs a fresh start.